 Dungeon Crawl Stone Soup version 0.22-a0-282-gdd34a7d (webtiles) character file.

586 Amnesiac the Conjurer (level 7, -1/40 HPs)
             Began as a Tengu Wizard on Mar 17, 2018.
             Was a Follower of Sif Muna.
             Slain by a sky beast (2 damage)
             ... on level 5 of the Dungeon.
             The game lasted 00:06:07 (4798 turns).

Amnesiac the Conjurer (Tengu Wizard)                Turns: 4798, Time: 00:06:07

Health: -1/40      AC:  2    Str:  7    XL:     7   Next: 37%
Magic:  11/16      EV: 13    Int: 20    God:    Sif Muna [*.....]
Gold:   105        SH:  0    Dex: 13    Spells: 6/17 levels left

rFire    . . .     SeeInvis .   w - +0 whip (venom)
rCold    . . .     Gourm    .   (no shield)
rNeg     . . .     Faith    .   f - +0 robe
rPois    .         Spirit   .   b - +0 hat
rElec    .         Reflect  .   (no cloak)
rCorr    .         Harm     .   (no gloves)
MR       .....                  (boots unavailable)
Stlth    ++........             (no amulet)
HPRegen  0.13/turn              (no ring)
MPRegen  0.15/turn              (no ring)

@: very slightly contaminated, divine energy
A: beak, talons 3, able to fly 1
a: Fly, Stop Divine Energy, Renounce Religion


You were on level 5 of the Dungeon.
You worshipped Sif Muna.
Sif Muna was aware of your devotion.
You were not hungry.

You visited 1 branch of the dungeon, and saw 5 of its levels.

You collected 105 gold pieces.

Inventory:

Hand Weapons
 w - a +0 whip of venom (weapon)
Armour
 b - a +0 hat (worn)
 f - a +0 robe (worn)
Wands
 v - a wand of paralysis (15)
Scrolls
 a - a scroll of remove curse {!r}
 e - a scroll of enchant weapon {!r, unknown}
 h - a scroll of fear {!r, unknown}
 i - 3 scrolls of teleportation {!r}
 k - a scroll of enchant armour {!r, unknown}
 m - a scroll of amnesia {!r}
 u - 2 scrolls of identify {!r, unknown}
Potions
 c - a potion of might {!q, unknown}
 g - 2 potions of curing {!q, unknown}
 l - a potion of brilliance {!q, unknown}
 n - 2 potions of haste {!q, unknown}
 r - a potion of agility {!q, unknown}
 s - a potion of magic {!q, unknown}
 t - a potion of heal wounds {!q, unknown}
Comestibles
 d - 7 rations


   Skills:
 - Level 2.3 Fighting
 - Level 2.7 Dodging
 - Level 2.0 Stealth
 * Level 5.8 Spellcasting
 + Level 5.9 Conjurations
 - Level 1.2 Summonings
 - Level 0.7 Translocations


You had 6 spell levels left.
You knew the following spells:

 Your Spells              Type           Power        Failure   Level  Hunger
a - Magic Dart            Conj           ####         1%          1    None
b - Call Imp              Summ           ##......     10%         2    None
e - Mephitic Cloud        Conj/Pois/Air  ##......     14%         3    ##.....
s - Conjure Flame         Conj/Fire      ###.....     10%         3    ##.....
v - Blink                 Tloc           N/A          12%         2    None


Dungeon Overview and Level Annotations

Branches:
Dungeon (5/15)
 Temple: D:4-7

Altars:
Okawaru
Sif Muna
Wu Jian


Innate Abilities, Weirdness & Mutations

You have a beak for a mouth.
You have claws for feet.
You can fly.


Message History

Casting: Magic Dart (safe; 1% risk of failure)
Confirm with . or Enter, or press ? or * to list all spells.
Aiming: Magic Dart (safe; 1% risk of failure)
Press: ? - help, Shift-Dir - straight line, f - shadow imp
Aim: a shadow imp (almost dead)
The magic dart hits the shadow imp.
You kill the shadow imp!
Sif Muna accepts your kill.
Casting: Magic Dart (safe; 1% risk of failure)
Confirm with . or Enter, or press ? or * to list all spells.
You can't see any susceptible monsters within range! (Use Z to cast anyway.)
Casting: Magic Dart (safe; 1% risk of failure)
Confirm with . or Enter, or press ? or * to list all spells.
You can't see any susceptible monsters within range! (Use Z to cast anyway.) Magic restored.
a - a scroll of remove curse {!r} A sky beast comes into view.
A sky beast is nearby!
A sky beast is nearby!
Casting: Magic Dart (safe; 1% risk of failure)
Confirm with . or Enter, or press ? or * to list all spells.
Aiming: Mephitic Cloud (safe; 14% risk of failure)
Press: ? - help, Shift-Dir - straight line, f - sky beast
Aim: a sky beast (resting)
The ball explodes into a vile cloud!
The stinking cloud engulfs the sky beast.
The sky beast is engulfed in noxious fumes.
The sky beast appears confused.
The sky beast flickers out of sight!
Deactivating autopickup; reactivate with Ctrl-A.
No target in view!
No target in view!
No target in view!
A sky beast appears from thin air!
Reactivating autopickup.
The sky beast flickers out of sight!
Deactivating autopickup; reactivate with Ctrl-A.
No target in view!
A sky beast appears from thin air!
Reactivating autopickup.
The sky beast seems less confused.
The sky beast hits you but does no damage.
You closely miss the sky beast.
You peck the sky beast, but do no damage.
The sky beast is lightly wounded.
The sky beast hits you.
* * * LOW HITPOINT WARNING * * *
The sky beast shocks you.
* * * LOW HITPOINT WARNING * * *
You hit the sky beast.
The sky beast is lightly wounded.
The sky beast hits you.
* * * LOW HITPOINT WARNING * * *
The sky beast shocks you.
* * * LOW HITPOINT WARNING * * *
You are too injured to fight recklessly!
Casting: Mephitic Cloud (safe; 14% risk of failure)
Confirm with . or Enter, or press ? or * to list all spells.
You miscast Blink.
You are very lightly contaminated with residual magic.
Nothing appears to happen.
The sky beast barely misses you.
Casting: Blink (safe; 12% risk of failure)
Confirm with . or Enter, or press ? or * to list all spells.
You blink.
The sky beast hits you.
You die...

####### #.....#
#.....# #.....#
#..@.≈# #§Y...#
#.....#
########.....#
..........####
..........#
..........#
.....$....######
########.........


You could see a sky beast.

Vanquished Creatures
  The ghost of grindst0ne the Firebug, an amateur HuFE (D:4)
  A crimson imp (D:5)
  The ghost of Amnesiac the Conjurer, a weakling TeWz (D:3)
  A hound (D:4)
  A centaur skeleton (D:4)
  Ijyb (D:4)
  2 worker ants (D:4)
  2 gnolls (D:2)
  9 adders
  A shadow imp (D:5)
  An ooze (D:1)
  2 worms
  A leopard gecko (D:3)
  6 orcs
  5 giant cockroaches
  10 goblins
  6 hobgoblins
  12 jackals
  3 quokkas
  A ball python (D:2)
  7 bats
  4 frilled lizards
  8 kobolds
  8 rats
94 creatures vanquished.

Notes
Turn   | Place    | Note
-------+----------+-------------------------------------------
     0 | D:1      | Amnesiac the Tengu Wizard began the quest for the Orb.
     0 | D:1      | Reached XP level 1. HP: 10/10 MP: 5/5
   120 | D:1      | Reached XP level 2. HP: 6/15 MP: 0/7
   126 | D:1      | Learned a level 2 spell: Call Imp
   743 | D:1      | Reached XP level 3. HP: 19/19 MP: 0/8
   748 | D:1      | Learned a level 3 spell: Mephitic Cloud
  1304 | D:2      | Reached skill level 5 in Conjurations
  1304 | D:2      | Reached XP level 4. HP: 24/24 MP: 5/9
  1322 | D:2      | Reached skill level 1 in Fighting
  1469 | D:2      | You fall through a shaft for 2 floors!
  1508 | D:3      | Learned a level 3 spell: Conjure Flame
  1871 | D:2      | Gained mutation: You can fly. [Tengu growth]
  1871 | D:2      | Reached XP level 5. HP: 9/30 MP: 0/10
  2385 | D:2      | Found an iron altar of Okawaru.
  2422 | D:2      | Found a deep blue altar of Sif Muna.
  2428 | D:2      | Became a worshipper of Sif Muna the Loreminder
  2452 | D:3      | Noticed Amnesiac's ghost (weakling TeWz)
  2458 | D:3      | Killed Amnesiac's ghost
  2547 | D:3      | Learned a level 2 spell: Blink
  3569 | D:4      | Reached XP level 6. HP: 18/35 MP: 11/13
  3597 | D:4      | Noticed grindst0ne's ghost (amateur HuFE)
  4033 | D:4      | Learned a level 1 spell: Magic Dart
  4140 | D:4      | Found an ornate altar of the Wu Jian Council.
  4256 | D:4      | Killed grindst0ne's ghost
  4256 | D:4      | Reached skill level 5 in Spellcasting
  4256 | D:4      | Reached XP level 7. HP: 21/40 MP: 4/16
  4296 | D:4      | Noticed Ijyb
  4335 | D:4      | Killed Ijyb
  4350 | D:4      | Reached * piety under Sif Muna
  4728 | D:5      | Entered Level 5 of the Dungeon
  4794 | D:5      | HP: 1/40 [sky beast (6)]
  4798 | D:5      | Slain by a sky beast

Vault maps used:
D:1:      mrwooster_arrival_statue_3
D:2:      led_sif_pool, okawaru_altar_gauntlet_db
D:3:      serial_corexii_hall, corexii_hall_statues_i, corexii_hall_statues_x
D:4:      kennysheep_little_box, first_ration, uniq_ijyb
D:5:      minmay_misc_feat_tiny, guppyfry_shop_venom, uniq_blork_the_orc

Skill      XL: |  1  2  3  4  5  6 |
---------------+-------------------+-----
Conjurations   | 3 5 |  5.9
Fighting       | 2 |  2.3
Spellcasting   | 4 5 |  5.8
Dodging        | |  2.7
Stealth        | |  2.0
Summonings     | |  1.2
Translocations | |  0.7

Action                   |  1- 3 |  4- 6 |  7- 9 || total
-------------------------+-------+-------+-------++-------
Melee: Unarmed           |     7 |       |       ||     7
       Kick              |     1 |    14 |     3 ||    18
       Peck              |     1 |     4 |     4 ||     9
       Short sword       |     1 |    42 |       ||    43
       Whip              |       |       |    26 ||    26
 Fire: Hunting sling     |       |    58 |    25 ||    83
 Cast: Magic Dart        |    80 |    83 |    16 ||   179
       Conjure Flame     |       |     1 |       ||     1
       Mephitic Cloud    |       |       |     3 ||     3
       Blink             |       |       |     1 ||     1
Invok: Divine Energy     |       |       |     1 ||     1
  Use: Scroll            |       |     3 |       ||     3
 Stab: Sleeping          |       |     1 |       ||     1
  Eat: Chunk             |     1 |     9 |     2 ||    12
Armor: Robe              |     3 |    18 |     6 ||    27
Dodge: Dodged            |     4 |   111 |    21 ||   136

Table legend:
 A = Spawn XP
 B = Non-spawn XP
 C = Spawn XP percentage of total XP
 D = Spawn monster count
 E = Non-spawn monster count
 F = Spawn count percentage of total count
 G = Total turns spent on level
                    A         B        C        D         E        F      G
               +---------+---------+-------+---------+---------+-------+---------
         Total |       0 |     838 |   0.0 |       0 |      94 |   0.0 |  4798
               +---------+---------+-------+---------+---------+-------+---------
           D:1 |       0 |      53 |   0.0 |       0 |      31 |   0.0 |  1625
           D:2 |       0 |     139 |   0.0 |       0 |      30 |   0.0 |  1054
           D:3 |       0 |     102 |   0.0 |       0 |      14 |   0.0 |  1130
           D:4 |       0 |     483 |   0.0 |       0 |      17 |   0.0 |   919
           D:5 |       0 |      61 |   0.0 |       0 |       2 |   0.0 |    70
               +---------+---------+-------+---------+---------+-------+---------
